 Dungeon Crawl Stone Soup version 0.28-a0-472-g50180c0d78 (webtiles) character file.

Game seed: 10333686533433172924

58 Jawa73 the Skirmisher (level 4, -1/49 HPs)
             Began as an Ogre Monk on Sept 15, 2021.
             Slain by a gnoll (4 damage)
             ... on level 2 of the Dungeon.
             The game lasted 00:03:57 (1389 turns).

Jawa73 the Skirmisher (Ogre Monk)                   Turns: 1389, Time: 00:03:57

Health: -1/49      AC:  5    Str: 16    XL:     4   Next: 1%
Magic:  4/4        EV: 10    Int: 11    God:
Gold:   58         SH:  0    Dex: 11    Spells: 3/3 levels left

rFire   + . .      SeeInvis .   a - +0 mace
rCold   . . .      Faith    .   (no shield)
rNeg    . . .      Spirit   .   b - +2 robe
rPois   .          Reflect  .   (helmet restricted)
rElec   .          Harm     .   (no cloak)
rCorr   .          Rampage  .   (gloves unavailable)
Will    .....                   (boots unavailable)
Stlth   ++........              (no amulet)
HPRegen 0.16/turn               f - ring of protection from fire
MPRegen 0.09/turn               (no ring)

@: no status effects
A: large, unfitting armour, tough skin 1
a: no special abilities


You were on level 2 of the Dungeon.
You visited 1 branch of the dungeon, and saw 2 of its levels.

You collected 58 gold pieces.

Inventory:

Hand Weapons
 a - a +0 mace (weapon)
Armour
 b - a +2 robe (worn)
Jewellery
 f - a ring of protection from fire (left hand)
Scrolls
 c - a scroll of immolation
Potions
 d - 3 potions of curing {unknown}
 e - a potion of mutation {unknown}
 g - a potion of attraction {unknown}


   Skills:
 * Level 4.7 Fighting
 * Level 3.5 Maces & Flails
 * Level 0.8 Armour
 + Level 2.9 Dodging
 - Level 1.4 Stealth


You had 3 spell levels left.
You didn't know any spells.
Your spell library was empty.

Dungeon Overview and Level Annotations

Branches:
Dungeon (2/15)

Altars:

Shops:
D:1 ?


Innate Abilities, Weirdness & Mutations

You are too large for most types of armour.
You have tough skin. (AC +1)


Message History

You hit the gnoll but do no damage.
The gnoll is almost dead.
The gnoll hits you but does no damage.
You hit the gnoll.
You kill the gnoll!
The adder barely misses you.
You sock the adder!
The adder is almost dead.
The adder bites you.
* * * LOW HITPOINT WARNING * * *
You barely miss the adder.
The adder is almost dead.
The adder barely misses you. x2
You closely miss the adder.
The adder is almost dead.
The adder bites you.
* * * LOW HITPOINT WARNING * * *
You are lethally poisoned!
The adder poisons you!
You closely miss the adder.
The adder is almost dead.
* * * LOW HITPOINT WARNING * * *
You feel sick. The adder barely misses you. The adder closely misses you.
You sock the adder!
You kill the adder!
* * * LOW HITPOINT WARNING * * *
You feel sick.
You have reached level 4!
* * * LOW HITPOINT WARNING * * *
You feel sick.
* * * LOW HITPOINT WARNING * * *
You feel sick.
* * * LOW HITPOINT WARNING * * *
You feel sick.
* * * LOW HITPOINT WARNING * * *
You feel sick.
You are no longer poisoned.
Okay, then.
The gnoll hits you with a +0 whip.
You die...

####...##.# #...# ######.#
###########..#
##'####............#
#........#########.#
#.........########.#####
#......................#
########.........########.##.##
.).............g.# #.##.#
########......g÷@########.##†#
.# #................(.##.# .#
#........##...........# .#
#........##.########### ##
#######.###.# #.# #.# #.#
#.#### ..# #....# ########.#


You could see 2 gnolls.

Vanquished Creatures
  A gnoll (D:2)
  An adder (D:2)
  A worm (D:2)
  A dart slug (D:1)
  3 endoplasms
  A goblin (D:1)
  3 hobgoblins (D:1)
  3 jackals (D:1)
  2 quokkas (D:1)
  2 ball pythons
  6 bats
  A frilled lizard (D:1)
  4 kobolds
  4 rats
33 creatures vanquished.

Notes
Turn   | Place    | Note
-------+----------+-------------------------------------------
     0 | D:1      | Jawa73 the Ogre Monk began the quest for the Orb.
     0 | D:1      | Reached XP level 1. HP: 24/24 MP: 1/1
    15 | D:1      | Found a faded altar of an unknown god.
    33 | D:1      | Reached XP level 2. HP: 27/32 MP: 2/2
   603 | D:1      | Reached XP level 3. HP: 40/40 MP: 3/3
   673 | D:1      | Found Reozid's Magic Scroll Shoppe.
  1375 | D:2      | Reached XP level 4. HP: 5/49 MP: 4/4
  1377 | D:2      | HP: 2/49 [poisoned by an adder]
  1389 | D:2      | Slain by a gnoll

Illustrated notes

Levels and vault maps discovered:
D:1:      nzn_arrival_settlement, layout_loops_ring,
          hellmonk_ecumenical_altar_blasted, serial_shops, shop, st_stairs_2
D:2:      layout_basic

Skill      XL: |  1  2 |
---------------+-------+-----
Maces & Flails | 3 |  3.5
Fighting       | |  4.7
Armour         | |  0.8
Dodging        | |  2.9
Stealth        | |  1.4

Action                   |  1- 3 |  4- 6 || total
-------------------------+-------+-------++-------
Melee: Mace              |   112 |       ||   112
  Use: Scroll            |     3 |       ||     3
 Stab: Sleeping          |     2 |       ||     2
Armor: Robe              |    47 |       ||    47
Dodge: Dodged            |    82 |       ||    82

Table legend: (Time is in decaauts)
 A = Elapsed time spent in this place.
 B = Non-inter-level travel time spent in this place.
 C = Inter-level travel time spent in this place.
 D = Time resting spent in this place.
 E = Time spent auto-exploring this place.
 F = Levels seen in this place.
 G = Mean time per level.
                   A        B        C        D        E       F      G
               +--------+--------+--------+--------+--------+-----+--------+
         Total |   1415 |   1379 |     36 |      0 |    978 |   2 |  707.5 |
       Dungeon |   1415 |   1379 |     36 |      0 |    978 |   2 |  707.5 |
               +--------+--------+--------+--------+--------+-----+--------+

Top non-repeatable levels by time:
     D:1: 988 daAuts
     D:2: 426 daAuts
